 Dungeon Crawl Stone Soup version 0.29-a0-648-g6b26cc9f40 (webtiles) character file.

Game seed: 13650737213686128736

4799 Zvodenstein the Grappler (level 10, -13/156 HPs)
             Began as a Troll Berserker on June 20, 2022.
             Was an Elder of Trog.
             Mangled by a catoblepas (16 damage)
             ... while petrified by a catoblepas
             ... on level 10 of the Dungeon.
             The game lasted 00:17:21 (6926 turns).

Zvodenstein the Grappler (Troll Berserker)          Turns: 6926, Time: 00:17:22

Health: -13/156    AC:  4    Str: 31    XL:     10   Next: 24%
Magic:  8/8        EV:  1    Int:  3    God:    Trog [****..]
Gold:   563        SH:  0    Dex:  9    Spells: 9/9 levels left

rFire   . . .      SeeInvis .     - Unarmed
rCold   . . .      Faith    .   (no shield)
rNeg    + + +      Spirit   .   x - +0 robe of Ru's Supremacy {Will++}
rPois   ∞          Reflect  .   (helmet restricted)
rElec   .          Harm     .   (no cloak)
rCorr   .          Rampage  .   (gloves unavailable)
Will    ++...                   (boots unavailable)
Stlth   ..........              (no amulet)
HPRegen 1.16/turn               h - ring of positive energy
MPRegen 0.11/turn               (no ring)

@: berserking, petrified, spiked, unable to read
A: large, unfitting armour, claws 3, regeneration 1, shaggy fur 1, tough skin 1,
low MP 1, screaming 1, inability to read while threatened
a: Renounce Religion, Berserk, Trog's Hand, Brothers in Arms


You were on level 10 of the Dungeon.
You worshipped Trog.
Trog was greatly pleased with you.
You visited 1 branch of the dungeon, and saw 10 of its levels.

You collected 563 gold pieces.

Inventory:

Hand Weapons
 q - a +0 short sword
 r - a +2 dagger of venom
 s - a +0 short sword
 v - a +2 vorpal hand axe
 y - a +3 flail of draining
 z - a +3 quarterstaff
 D - a +3 flail
Missiles
 e - 8 boomerangs (quivered)
 o - 5 silver javelins
 B - 18 poisoned darts
 I - a throwing net
Armour
 a - a +0 animal skin
 x - the +0 robe of Ru's Supremacy (worn) {Will++}
   (You found it on level 4 of the Dungeon)

   Will:      It greatly increases your willpower.
Magical Staves
 K - a staff of death
Jewellery
 h - a ring of positive energy (left claw)
 C - a ring of magical power
 M - an amulet of faith
Wands
 b - a wand of iceblast (10)
 E - a wand of polymorph (2)
 F - a wand of light (13)
 H - a wand of digging (6)
 N - a wand of flame (10)
Scrolls
 c - a scroll of magic mapping {unknown}
 f - 7 scrolls of identify {unknown}
 i - a scroll of fog {unknown}
 k - 10 scrolls of teleportation {unknown}
 l - a scroll of noise {unknown}
 n - 5 scrolls of poison {unknown}
 p - 2 scrolls of enchant weapon {unknown}
 t - 3 scrolls of vulnerability {unknown}
 u - a scroll of amnesia {unknown}
 G - a scroll of blinking {unknown}
 J - 2 scrolls of enchant armour {unknown}
Potions
 d - 3 potions of might
 g - 2 potions of haste
 j - 2 potions of brilliance
 m - 5 potions of curing
 w - 2 potions of lignification
 A - 2 potions of mutation
 L - a potion of resistance {unknown}


   Skills:
 + Level 7.8 Fighting
 + Level 7.7 Dodging
 + Level 9.3 Unarmed Combat


You had 9 spell levels left.
You didn't know any spells.
Your spell library contained the following spells:

 Spells                   Type           Power      Damage    Failure   Level
 Foxfire                  Conj/Fire      0%         2x1d4     52%         1
 Conjure Flame            Conj/Fire      0%         6-21      88%         3
 Gell's Gravitas          Tloc           0%         N/A       88%         3
 Inner Flame              Hex/Fire       0%         N/A       88%         3
 Lesser Beckoning         Tloc           0%         N/A       88%         3
 Teleport Other           Tloc           0%         N/A       88%         3
 Flame Wave               Conj/Fire      0%         2d4       99%         4


Dungeon Overview and Level Annotations

Branches:
Dungeon (10/15)            Temple (0/1) D:7
   Lair: D:8-11         Orc: D:9-12

Altars:
Dithmenos
Gozag
Hepliaklqana
Makhleb
Nemelex Xobeh
Yredelemnul
Zin

Shops:
D:3 *   D:6 [   D:9 *   D:10 ?


Innate Abilities, Weirdness & Mutations

You are too large for most types of armour.
You have claws for hands.
Your natural rate of healing is unusually fast.
You are covered in fur. (AC +1)
You have tough skin. (AC +1)
Your magical capacity is low. (-10% MP)
You occasionally shout uncontrollably at your foes.
You sometimes lose the ability to read scrolls when taking damage.


Message History

* * * LOW HITPOINT WARNING * * *
The catoblepas breathes a plume of calcifying dust at you.
The blast of calcifying dust hits you.
* * * LOW HITPOINT WARNING * * *
You turn to flesh and can move again.
You fail to use your ability.
The manticore barely misses you. The manticore closely misses you.
The manticore claws you but does no damage.
The catoblepas breathes a plume of calcifying dust at you.
The blast of calcifying dust hits you!
* * * LOW HITPOINT WARNING * * *
A red film seems to cover your vision as you go berserk!
You feel yourself moving faster!
You feel mighty!
You are engulfed in calcifying dust.
You are slowing down.
The manticore closely misses you. The manticore claws you.
* * * LOW HITPOINT WARNING * * *
The manticore claws you.
* * * LOW HITPOINT WARNING * * *
The catoblepas breathes a plume of calcifying dust at you.
The blast of calcifying dust hits you.
* * * LOW HITPOINT WARNING * * *
Okay, then.
You mangle the manticore!! You claw the manticore!!
You kill the manticore!
Trog accepts your kill.
You are engulfed in calcifying dust.
Your limbs have turned to stone.
You have turned to stone.
You are engulfed in calcifying dust.
The catoblepas gores you.
* * * LOW HITPOINT WARNING * * *
You are engulfed in calcifying dust.
The catoblepas gores you!
* * * LOW HITPOINT WARNING * * *
You are engulfed in calcifying dust.
The catoblepas gores you but does no damage.
You are engulfed in calcifying dust.
The catoblepas breathes a plume of calcifying dust at you.
The blast of calcifying dust hits you.
* * * LOW HITPOINT WARNING * * *
The catoblepas gores you!!
You die...

#### ####
#...# ##..[#
#.$≈≈###≈≈$.#
.
#.≈..≈.≈..≈.#
.. #≈.§.....≈#
...
#≈.≈≈≈.≈##..∩.
+..≈§≈.....}..
##≈.≈≈§.≈##...
#≈.....@.≈#
#.≈..≈.≈.Y≈.#
#.$≈≈###≈≈..#
#...# ##...#
#### ####


You could see a catoblepas.

Vanquished Creatures
  Pikel (D:6)
  A manticore (D:10)
  A hornet (D:9)
  A wraith (D:9)
  A human (D:8)
  Edmund (D:4)
  Menkaure (D:7)
  A water moccasin (D:8)
  A black bear (D:5)
  3 orc warriors
  2 sky beasts
  3 ice beasts
  4 ogres
  A centaur (D:7)
  2 phantoms
  5 bullfrogs
  2 necrophages (D:7)
  3 scorpions
  A wight (D:7)
  3 killer bees (D:8)
  A jelly (D:4)
  4 hounds
  5 orc priests
  2 iguanas
  9 orc wizards
  10 adders
  3 gnolls (D:5)
  A shadow imp (D:6)
  2 ufetubi
  A worm (D:5)
  5 dart slugs
  22 orcs
  11 ball pythons
  5 bats
  10 endoplasms
  A giant cockroach (D:1)
  8 goblins
  5 hobgoblins
  11 jackals
  16 kobolds
  6 quokkas
  A kobold skeleton (D:8)
  4 rats
181 creatures vanquished.

Vanquished Creatures (collateral kills)
  A kobold brigand (D:7)
  9 kobolds (D:7)
10 creatures vanquished.

Vanquished Creatures (others)
  19 plants (D:7)
19 creatures vanquished.

Grand Total: 210 creatures vanquished

Notes
Turn   | Place    | Note
-------+----------+-------------------------------------------
     0 | D:1      | Zvodenstein the Troll Berserker began the quest for the
                  | Orb.
     0 | D:1      | Reached XP level 1. HP: 22/22 MP: 0/0
    75 | D:1      | Reached XP level 2. HP: 25/29 MP: 1/1
   223 | D:1      | Found a faded altar of an unknown god.
   487 | D:2      | Reached XP level 3. HP: 36/36 MP: 2/2
   496 | D:2      | Reached ** piety under Trog
  1016 | D:2      | Reached XP level 4. HP: 35/45 MP: 3/3
  1133 | D:2      | Reached skill level 4 in Unarmed Combat
  1654 | D:3      | Reached XP level 5. HP: 52/53 MP: 4/4
  1761 | D:3      | Reached *** piety under Trog
  1771 | D:3      | Found Gozag's Platinum Reserve.
  1870 | D:3      | Found an opulent altar of Gozag.
  2349 | D:4      | Identified the +0 robe of Ru's Supremacy {Will++}
  2389 | D:4      | Noticed an ice beast
  2399 | D:4      | Killed an ice beast
  2400 | D:4      | Reached XP level 6. HP: 62/62 MP: 5/5
  2527 | D:4      | Noticed Edmund
  2540 | D:4      | Killed Edmund
  2541 | D:4      | Reached skill level 5 in Unarmed Combat
  2665 | D:5      | Entered Level 5 of the Dungeon
  2772 | D:5      | Reached XP level 7. HP: 65/70 MP: 6/6
  2951 | D:5      | Reached skill level 5 in Dodging
  2951 | D:5      | Reached skill level 6 in Unarmed Combat
  2954 | D:5      | Reached skill level 5 in Fighting
  2954 | D:5      | Reached XP level 8. HP: 38/80 MP: 7/7
  3590 | D:6      | Noticed Pikel
  3598 | D:6      | Killed Pikel
  3599 | D:6      | Reached skill level 7 in Unarmed Combat
  3653 | D:6      | Reached XP level 9. HP: 36/89 MP: 8/8
  3725 | D:6      | Found a burning altar of Makhleb.
  3726 | D:6      | Found a glowing silver altar of Zin.
  3726 | D:6      | Found a sparkling altar of Nemelex Xobeh.
  3743 | D:6      | Found a shadowy altar of Dithmenos.
  3958 | D:6      | Found Hozammif's Antique Armour Shop.
  4086 | D:7      | Reached **** piety under Trog
  4142 | D:7      | HP: 3/90 [orc warrior/+0 glaive (11)]
  4218 | D:7      | Gained mutation: You have hidden genetic defects. [potion
                  | of mutation]
  4218 | D:7      | Gained mutation: Your magical capacity is low. (-10% MP)
                  | [potion of mutation]
  4339 | D:7      | Reached skill level 8 in Unarmed Combat
  4339 | D:7      | Found a staircase to the Ecumenical Temple.
  4575 | D:7      | Gained mutation: You occasionally shout uncontrollably at
                  | your foes. [hidden defects]
  4891 | D:7      | Noticed Menkaure
  4899 | D:7      | Killed Menkaure
  5446 | D:8      | Gained mutation: You sometimes lose the ability to read
                  | scrolls when taking damage. [hidden defects]
  5446 | D:8      | Lost mutation: You have hidden genetic defects. [hidden
                  | defects expressed]
  5566 | D:8      | Found a runed translucent door.
  5578 | D:8      | Found a basalt altar of Yredelemnul.
  5932 | D:8      | Reached XP level 10. HP: 81/102 MP: 8/8
  6315 | D:9      | Found Masku's Assorted Antiques.
  6330 | D:9      | Reached skill level 9 in Unarmed Combat
  6714 | D:9      | Found a hazy altar of Hepliaklqana.
  6907 | D:10     | Entered Level 10 of the Dungeon
  6907 | D:10     | Noticed a manticore
  6907 | D:10     | Noticed a catoblepas
  6908 | D:10     | Found Xoriuth's Magic Scroll Boutique.
  6921 | D:10     | Killed a manticore
  6923 | D:10     | HP: 3/156 [catoblepas (8)]
  6926 | D:10     | Mangled by a catoblepas

Illustrated notes

Levels and vault maps discovered:
D:1:      minmay_arrival_doors, layout_basic,
          chequers_ecumenical_altar_simple_redux, amcnicky_mini_pool_small
D:2:      layout_loops_ring, wad_floor_pattern_2, minmay_snake_closets
D:3:      layout_loops_ring, nicolae_gozag_zags_fifth_avenue
D:4:      layout_rooms, grunt_decor_junction, serial_park_tiny_pond,
          grunt_ministairs_8, nicolae_elevator_lobby_plus, uniq_edmund
D:5:      minmay_angry_zag, layout_rooms, minmay_misc_feat_hallway
D:6:      layout_loops_ring, nicolae_overflow_quartered_altars, serial_shops,
          nicolae_lakefront_shop, uniq_pikel
D:7:      kennysheep_kobold_camp, layout_basic, minmay_temple_entry_glass,
          serial_co_window_serial, co_window_corner_a, co_window_paths_a,
          co_window_paths_a, co_window_paths_a, co_window_paths_b,
          co_window_corner_b, co_window_2corner, co_window_broadway_a,
          co_window_of_opportunity_c, co_window_4corner_b, glass_columns_c,
          glass_columns_a, glass_columns_a, minmay_misc_feat_enclosed,
          serial_bayou_pond_b, uniq_menkaure
D:8:      layout_basic, dk_yredelemnul_ordeal, minmay_misc_feat_cross
D:9:      layout_basic, nzn_hepliaklqana_mist_gate, serial_shops,
          nicolae_shop_hallway_stairs, hex_tiny
D:10:     nzn_motion_control, layout_irregular_city,
          mainiacjoe_overflow_chevrons, erik_lair_orcish_takeover, serial_shops,
          shop, shop, shop, shop, st_stairs_14

Skill      XL: |  1  2  3  4  5  6  7  8  9 10 |
---------------+-------------------------------+-----
Fighting       | 3 4 5 6 7 |  7.8
Dodging        | 3 4 5 6 7 |  7.7
Unarmed Combat | 4 5 6 7 8 9 |  9.3

Action                   |  1- 3 |  4- 6 |  7- 9 | 10-12 || total
-------------------------+-------+-------+-------+-------++-------
Melee: Unarmed           |   105 |   123 |   274 |    31 ||   533
       Punch             |     1 |     4 |    10 |     1 ||    16
Invok: Berserk           |       |     3 |     4 |     1 ||     8
       Brothers in Arms  |       |       |     1 |       ||     1
  Use: Potion            |       |       |     8 |       ||     8
       Scroll            |       |       |     1 |       ||     1
Armor: Animal skin       |    42 |    28 |       |       ||    70
       Robe              |       |     6 |    68 |    12 ||    86
Dodge: Dodged            |    65 |    70 |   129 |    22 ||   286

Table legend: (Time is in decaauts)
 A = Elapsed time spent in this place.
 B = Non-inter-level travel time spent in this place.
 C = Inter-level travel time spent in this place.
 D = Time resting spent in this place.
 E = Time spent auto-exploring this place.
 F = Levels seen in this place.
 G = Mean time per level.
                   A        B        C        D        E       F      G
               +--------+--------+--------+--------+--------+-----+--------+
         Total |   6919 |   6908 |     11 |      0 |   4538 |  10 |  691.9 |
       Dungeon |   6919 |   6908 |     11 |      0 |   4538 |  10 |  691.9 |
               +--------+--------+--------+--------+--------+-----+--------+

Top non-repeatable levels by time:
     D:7: 1333 daAuts
     D:2: 847 daAuts
     D:8: 799 daAuts
     D:6: 756 daAuts
     D:9: 717 daAuts
     D:3: 693 daAuts
     D:4: 664 daAuts
     D:5: 635 daAuts
     D:1: 452 daAuts
    D:10: 19 daAuts
